 Dungeon Crawl Stone Soup version 0.19.5 (webtiles) character file.

35789 MirrMurr the Carver (level 13, -4/104 HPs)
             Began as a Demonspawn Gladiator on Mar 21, 2017.
             Was a High Priest of Trog.
             Slain by a sun demon (11 damage)
             ... on level 6 of the Lair of Beasts.
             The game lasted 01:15:54 (19740 turns).

MirrMurr the Carver (Demonspawn Gladiator)         Turns: 19740, Time: 01:15:55

Health: -4/104     AC: 15    Str: 26    XL:     13   Next: 49%
Magic:  13/13      EV: 17    Int:  9    God:    Trog [*****.]
Gold:   870        SH:  0    Dex: 13    Spells: 0 memorised, 12 levels left

rFire  . . .     SeeInvis .     w - +2 scimitar (flame)
rCold  . . .     Gourm    .     l - +3 ring mail
rNeg   . . .     Faith    .     (no shield)
rPois  .         Spirit   .     X - +1 hat {MR+}
rElec  .         Reflect  .     P - +2 cloak
rCorr  .         Harm     .     (no gloves)
MR     +++..                    W - +0 pair of boots
Stlth  +.........               (no amulet)
                                z - +4 ring of strength
                                e - +3 ring of slaying

@: lethally poisoned (-4 -> -4), exhausted, regenerating, slowed, very slow
A: antennae 2, demonic guardian 1, rot immunity, sturdy frame 3
a: Berserk, Trog's Hand, Brothers in Arms, Burn Spellbooks, Renounce Religion


You were on level 6 of the Lair of Beasts.
You worshipped Trog.
Trog was extremely pleased with you.
You were very hungry.

You visited 2 branches of the dungeon, and saw 17 of its levels.

You collected 1010 gold pieces.
You spent 140 gold pieces at shops.

Inventory:

Hand Weapons
 a - a +4 great sword
 b - a +0 hunting sling
 w - a +2 scimitar of flaming (weapon)
Missiles
 d - 4 throwing nets
 g - 49 poisoned needles
 s - 31 sling bullets
 y - 4 javelins of returning (quivered)
 H - 21 tomahawks
Armour
 l - a +3 ring mail (worn)
 P - a +2 cloak (worn)
 W - a +0 pair of boots (worn)
 X - a +1 hat of magic resistance (worn)
Rods
 O - a +0 rod of ignition (13/13)
   (You found it on level 11 of the Dungeon)
Jewellery
 e - a +3 ring of slaying (left hand)
 z - a +4 ring of strength (right hand)
 E - an uncursed ring of see invisible
 L - an uncursed ring of ice
Wands
 q - a wand of disintegration (15/24)
 u - a wand of enslavement (3/24)
 C - a wand of lightning (10/15)
 R - a wand of lightning (11/15)
 Y - a wand of disintegration (2/24)
Scrolls
 h - a scroll of fear
 i - 4 scrolls of identify
 m - 2 scrolls of recharging
 o - 5 scrolls of teleportation
 p - a scroll of enchant weapon
 r - 7 scrolls of remove curse
 t - 2 scrolls of magic mapping
 A - a scroll of blinking
 G - a scroll of brand weapon {unknown}
 U - a scroll of enchant armour
Potions
 c - 5 potions of agility
 j - 2 potions of flight
 v - 2 potions of invisibility
 x - a potion of resistance
 B - 4 potions of might
 D - 2 potions of cure mutation
 F - 2 potions of haste
 I - a potion of cancellation
 J - a potion of lignification
 N - a potion of berserk rage
 T - 3 potions of curing
Books
 K - a book of Clouds

   Spells                             Type                      Level
   a - Mephitic Cloud                 Conjuration/Poison/Air       3
   b - Conjure Flame                  Conjuration/Fire             3
   c - Poisonous Cloud                Conjuration/Poison/Air       6
   d - Freezing Cloud                 Conjuration/Ice/Air          6
   e - Ring of Flames                 Charms/Fire                  7
   Trog disapproves of the use of such an item.
Comestibles
 f - 9 bread rations
 k - 10 meat rations
 n - 24 fruits
 M - 5 slices of pizza
 S - a royal jelly


   Skills:
 - Level 10.7 Fighting
 + Level 14.4 Long Blades
 - Level 1.7 Throwing
 - Level 8.1 Armour
 - Level 10.0 Dodging


You had 12 spell levels left.
You didn't know any spells.

Dungeon Overview and Level Annotations

Branches:
Dungeon (11/15)            Temple (0/1) D:7            Lair (6/6) D:8
 Shoals (0/4) Lair:3        Snake (0/4) Lair:4        Slime (0/5) Lair:5
    Orc (0/2) D:10

Altars:
Ashenzari
Cheibriados
Dithmenos
Makhleb
Nemelex Xobeh
Okawaru
Qazlal
Trog
Uskayaw
Xom
Yredelemnul
The Shining One
Jiyva

Shops:
D:5 =   D:9 !   D:10 =

Annotations:
Lair:3 exclusion: oklob plant
Lair:5 1 runed door


Innate Abilities, Weirdness & Mutations

You have a pair of antennae on your head.
A weak demonic guardian rushes to your aid.
You are immune to rotting.
Your movements are significantly less encumbered by armour. (ER -6)


Message History

You feel your anger subside.
You are no longer berserk.
You are exhausted.
You feel yourself slow down.
You feel sick.
You start resting.
You feel sick. x2
A sun demon comes into view.
A sun demon is nearby!
Unknown command.
You feel sick.
You feel sick.
Your skin crawls.
You feel resistant to hostile enchantments.
You are feeling very hungry.
You feel sick. The sun demon hits your shadow imp.
Your shadow imp is engulfed in flames!
Your shadow imp dies!
You feel sick. The sun demon closely misses you.
You feel sick. The sun demon completely misses you. The sun demon hits you.
* * * LOW HITPOINT WARNING * * *
You are engulfed in flames!
You die...

♣. ♣. ♣.♣♣ ♣♣.♣♣ ♣
♣♣♣♣...♣♣♣♣
♣.♣.........♣♣
..............♣♣ ..
#......#.3@♣
.##.#..5..###### .
.P......### ..
.......{.# #P.D
.........#######....P
.......P#{.##....P.P.
............#........
...####..H...........
... #.............##


You could see a sun demon.

Vanquished Creatures
  Gastronok (Lair:3)
  A dire elephant (Lair:6)
  2 hydras
  4 hill giants (D:11)
  Pikel (D:9)
  An ugly thing (D:11)
  A cyclops (D:11)
  4 black mambas
  5 elephants (Lair:6)
  11 spiny frogs
  A rime drake (Lair:4)
  An efreet (D:11)
  5 komodo dragons
  A troll (D:9)
  14 blink frogs
  A dream sheep (D:10)
  9 hippogriffs
  2 wraiths (D:7)
  2 wyverns
  34 yaks
  3 basilisks
  A hungry ghost (D:7)
  Menkaure (D:6)
  A warg (D:8)
  4 nagas (Lair:4)
  Duvessa (D:6)
  6 porcupines
  9 water moccasins
  An eye of draining (D:11)
  2 ice beasts
  An orc warrior (D:9)
  A phantom (D:9)
  3 ogres
  2 centaurs
  22 crocodiles
  5 big kobolds
  An elf zombie (D:7)
  10 bullfrogs
  Dowan (D:6)
  A scorpion (D:6)
  The ghost of Kalash the Cudgeler, a weakling DsAK of Lugonu (D:4)
  11 killer bees (D:11)
  13 wights
  3 electric eels
  5 howler monkeys
  4 crimson imps
  A centaur zombie (D:6)
  A bullfrog zombie (D:6)
  A jelly (D:8)
  4 human zombies (D:7)
  4 hounds
  8 orc wizards
  7 orc priests
  A gnoll shaman (D:10)
  2 bullfrog skeletons
  2 iguanas
  Ijyb (D:3)
  13 worker ants
  An ogre zombie (D:7)
  2 mummies (D:7)
  2 howler monkey zombies
  A worker ant zombie (D:10)
  13 gnolls
  10 adders
  4 shadow imps
  An ooze (D:2)
  4 adder skeletons
  4 worms
  3 dart slugs
  8 leopard geckos
  46 orcs
  2 giant cockroaches
  15 goblins
  2 hobgoblins (D:3)
  10 jackals
  5 quokkas
  8 bats
  A frilled lizard (D:1)
  A jackal skeleton (D:8)
  13 kobolds
  2 quokka skeletons
  6 rats
423 creatures vanquished.

Vanquished Creatures (collateral kills)
  A hydra (D:10)
  A centaur skeleton (D:11)
  2 komodo dragons
  2 blink frogs (Lair:3)
  A dream sheep (D:10)
  A wyvern (Lair:6)
  3 yaks
  2 wargs (D:8)
  A slave (D:9)
  A centaur (D:8)
  2 bullfrogs
  A howler monkey (D:5)
  A hound (D:10)
  3 orc wizards
  2 orcs
24 creatures vanquished.

Vanquished Creatures (others)
  A slave (D:9)
  An adder (D:9)
  A howler monkey skeleton (D:11)
  16 fungi
  11 plants
30 creatures vanquished.

Grand Total: 477 creatures vanquished

Notes
Turn   | Place    | Note
-------+----------+-------------------------------------------
     0 | D:1      | MirrMurr the Demonspawn Gladiator began the quest for the Orb.
     0 | D:1      | Reached XP level 1. HP: 16/16 MP: 1/1
   305 | D:1      | Reached skill level 3 in Long Blades
   333 | D:1      | Gained mutation: A weak demonic guardian rushes to your aid. [demonic ancestry]
   333 | D:1      | Reached XP level 2. HP: 22/22 MP: 2/2
   697 | D:2      | Gained mutation: You are immune to rotting. [demonic ancestry]
   697 | D:2      | Reached XP level 3. HP: 25/28 MP: 3/3
   983 | D:2      | Found a bloodstained altar of Trog.
  1046 | D:3      | Reached XP level 4. HP: 12/35 MP: 4/4
  1473 | D:3      | Noticed Ijyb
  1632 | D:3      | Reached skill level 4 in Long Blades
  1684 | D:3      | Killed Ijyb
  1684 | D:3      | Gained mutation: You have a pair of small antennae on your head. [demonic ancestry]
  1684 | D:3      | Reached XP level 5. HP: 38/41 MP: 5/5
  1711 | D:3      | Found a shadowy altar of Dithmenos.
  2027 | D:2      | Became a worshipper of Trog the Wrathful
  2298 | D:2      | Found a snail-covered altar of Cheibriados.
  2299 | D:2      | Found a burning altar of Makhleb.
  2562 | D:3      | Found a shimmering altar of Xom.
  2691 | D:4      | Noticed Kalash's ghost (weakling DsAK)
  2991 | D:4      | Killed Kalash's ghost
  2991 | D:4      | Reached XP level 6. HP: 35/48 MP: 6/6
  3795 | D:4      | Reached skill level 5 in Long Blades
  3897 | D:5      | Entered Level 5 of the Dungeon
  3989 | D:5      | Found a stormy altar of Qazlal.
  4023 | D:5      | Found a sparkling altar of Nemelex Xobeh.
  4045 | D:5      | Found Affa's Jewellery Shop.
  4595 | D:4      | Found a shimmering altar of Xom.
  4694 | D:5      | Found an iron altar of Okawaru.
  4695 | D:5      | Found a hide-covered altar of Uskayaw.
  4944 | D:6      | Reached XP level 7. HP: 53/54 MP: 7/7
  4952 | D:6      | Noticed Menkaure
  4959 | D:6      | Killed Menkaure
  4963 | D:6      | Reached * piety under Trog
  4980 | D:6      | Noticed Dowan
  4982 | D:6      | Noticed Duvessa
  4991 | D:6      | Got a bronze ring mail
  4996 | D:6      | Killed Duvessa
  4996 | D:6      | Reached skill level 6 in Long Blades
  5074 | D:6      | Killed Dowan
  5231 | D:5      | Identified the +3 ring mail of Death Resistance {MR+++ Dex+5 Slay-4} (You found it on level 6 of the Dungeon)
  5511 | D:6      | Reached skill level 5 in Fighting
  5511 | D:6      | Reached skill level 5 in Dodging
  5520 | D:6      | Gained mutation: Your movements are slightly less encumbered by armour. (ER -2) [demonic ancestry]
  5520 | D:6      | Reached XP level 8. HP: 42/62 MP: 8/8
  6372 | D:7      | Reached skill level 1 in Armour
  6463 | D:7      | Reached skill level 7 in Long Blades
  6644 | D:7      | Found a basalt altar of Yredelemnul.
  6705 | D:7      | Reached ** piety under Trog
  6903 | D:7      | Reached XP level 9. HP: 69/69 MP: 9/9
  6936 | D:7      | Found a staircase to the Ecumenical Temple.
  7038 | D:7      | You fall through a shaft for 3 floors!
  7038 | D:10     | Entered Level 10 of the Dungeon
  7039 | D:10     | @> Fffffffffffffff...
  7039 | D:10     | @> well i say
  7039 | D:10     | @> shafts
  7039 | D:10     | @> what fun
  7116 | D:9      | Reached skill level 8 in Long Blades
  7503 | D:8      | Reached *** piety under Trog
  7723 | D:8      | Found a staircase to the Lair.
  8135 | D:8      | Found a faded altar of an unknown god.
  8135 | D:8      | Found a faded altar of an unknown god.
  8140 | D:8      | @> thx
  8142 | D:8      | Found a stormy altar of Qazlal.
  8144 | D:8      | Found a faded altar of an unknown god.
  8153 | D:8      | Found a faded altar of an unknown god.
  8207 | D:8      | Found a glowing golden altar of the Shining One.
  8363 | D:8      | Found a shattered altar of Ashenzari.
  8623 | D:9      | Reached skill level 9 in Long Blades
  8945 | D:9      | Noticed a troll
  8953 | D:9      | Killed a troll
  8953 | D:9      | Gained mutation: You have a pair of antennae on your head. [demonic ancestry]
  8953 | D:9      | Reached XP level 10. HP: 79/79 MP: 10/10
  9027 | D:9      | Noticed Pikel
  9044 | D:9      | Killed Pikel
  9500 | D:9      | Reached **** piety under Trog
  9544 | D:9      | Found Pegiheam's Distillery.
  9551 | D:9      | Bought a potion of agility for 40 gold pieces
  9551 | D:9      | Bought a potion of haste for 100 gold pieces
 10279 | D:10     | Found a staircase to the Orcish Mines.
 10319 | D:10     | Found Akado's Jewellery Boutique.
 10461 | D:10     | Reached skill level 5 in Armour
 10648 | D:10     | Noticed a two-headed hydra
 10654 | D:10     | Killed a two-headed hydra
 10654 | D:10     | Reached skill level 10 in Long Blades
 10800 | D:11     | Noticed a hill giant
 10805 | D:11     | Killed a hill giant
 10845 | D:11     | Noticed a green ugly thing
 10857 | D:11     | Killed a green ugly thing
 11274 | D:11     | Reached XP level 11. HP: 83/87 MP: 11/11
 11699 | D:11     | Noticed a hill giant
 11702 | D:11     | Noticed a hill giant
 11709 | D:11     | Killed a hill giant
 11715 | D:11     | Killed a hill giant
 11888 | D:11     | Reached skill level 11 in Long Blades
 12595 | D:11     | Noticed a hill giant
 12600 | D:11     | Killed a hill giant
 12655 | D:11     | Identified a +0 rod of ignition (13/13) (You found it on level 11 of the Dungeon)
 12672 | D:11     | Reached ***** piety under Trog
 12809 | Lair:1   | Entered Level 1 of the Lair of Beasts
 15135 | Lair:3   | Gained mutation: Your movements are less encumbered by armour. (ER -4) [demonic ancestry]
 15135 | Lair:3   | Reached XP level 12. HP: 75/96 MP: 12/12
 15400 | Lair:3   | Received a gift from Trog
 15426 | Lair:3   | Noticed Gastronok
 15454 | Lair:3   | Killed Gastronok
 15454 | Lair:3   | Reached skill level 12 in Long Blades
 15526 | Lair:3   | Found a staircase to the Shoals.
 16244 | Lair:3   | Noticed a seven-headed hydra
 16261 | Lair:3   | Killed a three-headed hydra
 16573 | Lair:4   | Reached skill level 10 in Fighting
 16580 | Lair:4   | Found a staircase to the Snake Pit.
 16852 | Lair:4   | You fall through a shaft for 2 floors!
 16852 | Lair:6   | Entered Level 6 of the Lair of Beasts
 16853 | Lair:6   | @> more shafts: more fun
 16855 | Lair:6   | Noticed a five-headed hydra
 17449 | Lair:4   | Identified a scroll of acquirement
 17580 | Lair:4   | Reached skill level 13 in Long Blades
 17588 | Lair:4   | Reached skill level 10 in Dodging
 18075 | Lair:5   | Found a runed door.
 18075 | Lair:5   | Found a viscous altar of Jiyva.
 18075 | Lair:5   | Found a staircase to the Slime Pits.
 18294 | Lair:5   | Gained mutation: Your movements are significantly less encumbered by armour. (ER -6) [demonic ancestry]
 18294 | Lair:5   | Reached XP level 13. HP: 94/104 MP: 13/13
 19082 | Lair:6   | Reached skill level 14 in Long Blades
 19261 | Lair:6   | Noticed a dire elephant
 19276 | Lair:6   | Killed a dire elephant
 19740 | Lair:6   | Slain by a sun demon

Skill      XL: |  1  2  3  4  5  6  7  8  9 10 11 12 13 |
---------------+----------------------------------------+-----
Long Blades    | 3 4 5 6 7 9 10 11 13 14 | 14.4
Dodging        | 3 4 5 6 7 8 10 | 10.0
Fighting       | 3 4 5 7 8 9 10 | 10.7
Armour         | 2 4 5 6 8 |  8.1
Throwing       | |  1.7

Action                   |  1- 3 |  4- 6 |  7- 9 | 10-12 | 13-15 || total
-------------------------+-------+-------+-------+-------+-------++-------
Melee: Long sword        |   112 |   265 |   441 |    26 |       ||   844
       Great sword       |       |       |       |   562 |   124 ||   686
       Scimitar          |       |       |       |     7 |    16 ||    23
 Fire: Hunting sling     |     3 |     8 |     4 |    10 |       ||    25
Throw: Throwing net      |     2 |       |       |       |       ||     2
Invok: Burn Spellbooks   |       |     1 |     2 |     1 |       ||     4
       Berserk           |       |       |     9 |     5 |     6 ||    20
       Trog's Hand       |       |       |     1 |    10 |     5 ||    16
       Brothers in Arms  |       |       |       |     1 |     1 ||     2
Evoke: Wand              |       |       |       |     4 |       ||     4
  Use: Scroll            |       |    17 |     7 |    12 |     2 ||    38
       Potion            |       |     1 |     2 |     2 |     1 ||     6
 Stab: Distracted        |       |       |     2 |     5 |     2 ||     9
  Eat: Chunk             |       |    12 |    21 |    31 |    10 ||    74
       Beef jerky        |       |     1 |       |     3 |       ||     4
       Fruit             |       |       |     2 |       |     2 ||     4
       Royal jelly       |       |       |       |     1 |       ||     1
       Pizza             |       |       |       |     1 |       ||     1
Armor: Chain mail        |    80 |   153 |       |       |       ||   233
       Leather armour    |     1 |       |       |       |       ||     1
       Ring mail         |       |     2 |   132 |   161 |    50 ||   345
Dodge: Dodged            |    42 |   119 |   283 |   485 |   104 ||  1033
       Rpst.: Long sword |     9 |    34 |    85 |     5 |       ||   133
       Great sword       |       |       |       |   131 |    18 ||   149
       Scimitar          |       |       |       |     1 |     4 ||     5
